 Dungeon Crawl Stone Soup version 0.31-a0-152-g6aa68a64a1 (webtiles) character file.

Game seed: 3636458057464826389

2130 qw the Skirmisher (level 9, -4/57 HPs)
             Began as a Gargoyle Hunter on June 10, 2023.
             Was a Follower of Okawaru.
             Slain by Duvessa
             ... wielding a +2 antimagic short sword
              (10 damage)
             ... on level 6 of the Dungeon.
             The game lasted 00:02:57 (5228 turns).

qw the Skirmisher (Gargoyle Hunter)                 Turns: 5228, Time: 00:02:58

Health: -4/57      AC: 12    Str: 14    XL:     9   Next: 30%
Magic:  1/12       EV: 13    Int:  9    God:    Okawaru [*.....]
Gold:   408        SH:  0    Dex: 21    Spells: 8/8 levels left

rFire   + . .        Y - +1 shortbow
rCold   . . .        (shield currently unavailable)
rNeg    + + .        n - +2 robe {Will+}
rPois   inf          h - +0 helmet
rElec   +            k - +0 cloak
rCorr   +            (no gloves)
SInv    .            (no boots)
Will    ++...        d - amulet of regeneration
Stlth   ++           j - ring of positive energy
HPRegen 1.09/turn    m - ring of Tikkyro {rF+ Will+ rCorr Str-2 Dex+4}
MPRegen 0.13/turn

%: no passive effects
@: no status effects
A: sickness immunity, AC +6, negative energy resistance 1, electricity
resistance, torment resistance 1, petrification resistance
a: Renounce Religion, Heroism


You were on level 6 of the Dungeon.
You worshipped Okawaru.
Okawaru was aware of your devotion.
You visited 1 branch of the dungeon, and saw 7 of its levels.

You collected 408 gold pieces.


Innate Abilities, Weirdness & Mutations

You are immune to sickness and miasma.
Your stone body is resilient. (AC +6)
You are immune to poison.
You resist negative energy. (rN+)
You are resistant to electric shocks. (rElec)
You are resistant to unholy torment.
You are immune to petrification.


   Skills:
 - Level 7.3 Fighting
 + Level 9.6 Ranged Weapons
 - Level 1.0 Armour
 - Level 3.1 Dodging
 - Level 1.1 Stealth
 - Level 4.0 Invocations


You had 8 spell levels left.
You didn't know any spells.
Your spell library was empty.

Inventory:

Hand Weapons
 Y - a +1 shortbow (weapon)
Armour
 h - a +0 helmet (worn)
 k - a +0 cloak (worn)
 n - a +2 robe of willpower (worn)
Jewellery
 d - an amulet of regeneration (around neck)
 j - a ring of positive energy (left hand)
 m - the ring of Tikkyro (right hand) {rF+ Will+ rCorr Str-2 Dex+4}
   (You acquired it on level 5 of the Dungeon)

   [ring of protection from fire]

   Str:       It affects your strength (-2).
   Dex:       It affects your dexterity (+4).
   rF:        It protects you from fire.
   rCorr:     It protects you from acid and corrosion.
   Will:      It increases your willpower.
Scrolls
 a - a scroll of identify
Potions
 b - a potion of resistance
 c - a potion of haste
 g - a potion of attraction {unknown}
 i - a potion of cancellation {unknown}
 l - 2 potions of might

Dungeon Overview and Level Annotations

Branches:
Dungeon (7/15)             Temple (0/1) D:5

Altars:
Cheibriados
Dithmenos
Kikubaaqudgha
Okawaru

Shops:
D:2 =

Annotations:
D:3 3 runed translucent doors, qw's ghost, amateur NaHu
D:6 Duvessa


Message History

You feel your power leaking away.
You shoot an arrow. The arrow hits Duvessa.
Duvessa is moderately wounded.
Duvessa completely misses you.
You shoot an arrow. The arrow hits Duvessa.
Duvessa is heavily wounded.
Duvessa hits you with a +2 antimagic short sword!
5219 ||| DRINKING potion of heal wounds.
You feel much better. Duvessa barely misses you.
You shoot an arrow. The arrow barely misses Duvessa.
Duvessa misses you.
You shoot an arrow. The arrow hits Duvessa.
Duvessa is heavily wounded.
Duvessa hits you but does no damage.
You shoot an arrow. The arrow closely misses Duvessa.
Duvessa hits you but does no damage.
You shoot an arrow.
The arrow hits Duvessa but does no damage.
Duvessa is heavily wounded.
You feel like a meek peon again.
Duvessa hits you with a +2 antimagic short sword!
You feel your power leaking away.
Duvessa hits you with a +2 antimagic short sword.
You shoot an arrow. The arrow closely misses Duvessa.
Duvessa barely misses you.
You shoot an arrow. The arrow closely misses Duvessa.
Duvessa hits you with a +2 antimagic short sword!
You shoot an arrow. The arrow hits Duvessa.
Duvessa is severely wounded.
Duvessa hits you but does no damage.
Duvessa hits you with a +2 antimagic short sword!
You shoot an arrow. The arrow hits Duvessa!
Duvessa is almost dead.
Duvessa hits you with a +2 antimagic short sword!
You shoot an arrow.
The arrow hits Duvessa but does no damage.
Duvessa is almost dead.
Duvessa hits you with a +2 antimagic short sword!
You die...

#..........#
#.########.# #.# #<#
#.# #.# #.# #.#
####.########)#
###.......##...))
##)#.##.##.##.##.#
##@#..##.##.##.##.#
##e##...#.##.##.##.#
#.##......##.##.##.#
##.##...#.##....##.#
##.#..##......>....
##.#######.#######
#####.#######.#######
#...........<........
#.###.#######.#######


You could see Duvessa (berserk).

Vanquished Creatures
  Pikel (D:6)
  A water moccasin (D:5)
  A black bear (D:4)
  2 ice beasts (D:6)
  An orc warrior (D:6)
  A phantom (D:5)
  A lemure (D:6)
  A bullfrog (D:7)
  2 scorpions (D:6)
  Dowan (D:7)
  2 hounds (D:6)
  6 orc priests
  Jessica (D:2)
  2 iguanas (D:5)
  9 orc wizards
  Robin (D:4)
  12 gnolls
  5 adders
  A white imp (D:6)
  2 ufetubi (D:5)
  6 worms
  2 dart slugs
  30 orcs
  4 endoplasms
  4 giant cockroaches
  12 goblins
  13 hobgoblins
  7 jackals
  6 quokkas
  9 ball pythons
  6 bats
  6 frilled lizards
  10 kobolds
  11 rats
179 creatures vanquished.

Vanquished Creatures (others)
  An orc wizard (D:5)
1 creature vanquished.

Grand Total: 180 creatures vanquished

Notes
Turn   | Place    | Note
-------+----------+-------------------------------------------
     0 | D:1      | qw the Gargoyle Hunter began the quest for the Orb.
     0 | D:1      | Reached XP level 1. HP: 12/12 MP: 1/1
     0 | D:1      | 0 ||| qw: Version: 0.2-a-123-gb51047a
     0 | D:1      | 0 ||| qw: Game counter: 3726
     0 | D:1      | 0 ||| qw: Always use a shield: true
     0 | D:1      | 0 ||| qw: God list: Okawaru
     0 | D:1      | 0 ||| qw: Allow faded altars: false
     0 | D:1      | 0 ||| qw: Do Orc after D:15 true
     0 | D:1      | 0 ||| qw: Do second Lair branch before Depths: true
     0 | D:1      | 0 ||| qw: Lair rune preference: random
     0 | D:1      | 0 ||| qw: Plans: Normal, Zot:1-4, Slime:5, God:TSO, Crypt,
                  | Tomb, Abyss, Pan, Hells, Win
     0 | D:1      | 0 ||| PLANNING D:1-11
    95 | D:1      | Reached XP level 2. HP: 17/17 MP: 2/2
   223 | D:1      | Reached XP level 3. HP: 21/21 MP: 3/3
   261 | D:1      | Reached skill level 5 in Ranged Weapons
   566 | D:1      | 566 ||| UPGRADING to +0 ring mail.
   576 | D:1      | 576 ||| DROPPING +0 leather armour.
   577 | D:1      | 577 ||| UPGRADING to +0 cloak.
   582 | D:1      | 582 ||| UPGRADING to ring of positive energy.
   583 | D:1      | 583 ||| READING 2 scrolls labelled FYILLE PEENUMY.
   584 | D:1      | 584 ||| READING scroll labelled NUUGUR MEESS.
   587 | D:1      | 587 ||| READING scroll labelled DOUXKA KOMOISE.
   588 | D:1      | 588 ||| DRINKING 2 puce potions.
   589 | D:1      | 589 ||| DROPPING scroll of butterflies.
   590 | D:1      | 590 ||| DROPPING potion of degeneration.
   635 | D:2      | Reached skill level 1 in Armour
   661 | D:2      | Found an iron altar of Okawaru.
   662 | D:2      | 662 ||| PLANNING OKAWARU WORSHIP
   662 | D:2      | 662 ||| READING scroll labelled SES NEXTO OXIA.
   669 | D:2      | Became a worshipper of Warmaster Okawaru
   669 | D:2      | 669 ||| PLANNING D:1-11
   774 | D:2      | Reached XP level 4. HP: 27/27 MP: 4/4
   856 | D:2      | Reached skill level 3 in Fighting
   865 | D:2      | Noticed Jessica
   878 | D:2      | Killed Jessica
   884 | D:2      | 884 ||| FLEEEEING.
  1188 | D:2      | Found Qenlulia's Jewellery Shop.
  1199 | D:2      | 1199 ||| SHOPLISTING +4 ring of protection (396 gold, have
                  | 150).
  1199 | D:2      | 1199 ||| SHOPLISTING +6 ring of strength (396 gold, have
                  | 150).
  1199 | D:2      | 1199 ||| SHOPLISTING amulet of reflection (330 gold, have
                  | 150).
  1199 | D:2      | 1199 ||| SHOPLISTING ring "Roilod" {rElec rF+} (429 gold,
                  | have 150).
  1454 | D:2      | 1454 ||| UPGRADING to +2 robe.
  1464 | D:2      | 1464 ||| DROPPING +0 ring mail.
  1465 | D:2      | 1465 ||| UPGRADING to amulet of regeneration.
  1470 | D:2      | 1470 ||| READING 2 scrolls of identify.
  1470 | D:2      | 1470 ||| IDENTIFYING inky potion
  1601 | D:3      | Found a faded altar of an unknown god.
  1686 | D:3      | Reached XP level 5. HP: 32/32 MP: 5/5
  1975 | D:3      | Reached skill level 6 in Ranged Weapons
  2207 | D:3      | Found an ancient bone altar of Kikubaaqudgha.
  2558 | D:3      | Found a runed translucent gate.
  2558 | D:3      | Found a runed translucent gate.
  2558 | D:3      | Found a runed translucent gate.
  2559 | D:3      | Noticed qw's ghost (amateur NaHu)
  2559 | D:3      | Noticed a kobold brigand
  2577 | D:3      | 2577 ||| READING scroll labelled POBIGE XETTOF.
  2578 | D:3      | 2578 ||| READING scroll labelled XIOPSAMEMOV.
  2628 | D:4      | Found a snail-covered altar of Cheibriados.
  2699 | D:4      | Reached XP level 6. HP: 38/38 MP: 6/6
  2756 | D:4      | 2756 ||| FLEEEEING.
  2776 | D:4      | Noticed Robin
  2781 | D:4      | 2781 ||| Stepping ~*~*~tactically~*~*~ (outnumbered).
  2799 | D:4      | Killed Robin
  2809 | D:4      | HP: 7/38 [goblin/+0 dagger[Robin] (4)]
  2814 | D:4      | HP: 6/38 [goblin/+0 club[Robin] (4)]
  2921 | D:4      | Noticed a black bear
  2931 | D:4      | Killed a black bear
  2932 | D:4      | Reached skill level 7 in Ranged Weapons
  3212 | D:4      | 3212 ||| UPGRADING to +0 helmet.
  3217 | D:4      | 3217 ||| READING scroll labelled ASUMAEMPIA.
  3238 | D:5      | Entered Level 5 of the Dungeon
  3306 | D:5      | Reached XP level 7. HP: 43/43 MP: 7/7
  3403 | D:5      | Found a staircase to the Ecumenical Temple.
  3456 | D:5      | Reached * piety under Okawaru
  3457 | D:5      | Reached skill level 8 in Ranged Weapons
  3529 | D:5      | Found a shadowy altar of Dithmenos.
  3555 | D:5      | 3555 ||| FLEEEEING.
  3556 | D:5      | 3556 ||| FLEEEEING.
  3557 | D:5      | 3557 ||| FLEEEEING.
  3569 | D:5      | Reached skill level 1 in Invocations
  3602 | D:5      | Identified the +8 dagger of Wabom {chaos, rCorr Dex+4}
  3792 | D:5      | Reached XP level 8. HP: 41/49 MP: 9/9
  3960 | D:5      | 3960 ||| INVOKING Heroism.
  4073 | D:5      | 4073 ||| READING scroll labelled LONNUCS RITOPH.
  4073 | D:5      | Identified a scroll of acquirement
  4073 | D:5      | 4073 ||| ACQUIRING ring of Tikkyro {rF+ Will+ rCorr Str-2
                  | Dex+4}
  4073 | D:5      | Acquired the ring of Tikkyro {rF+ Will+ rCorr Str-2 Dex+4}
  4075 | D:5      | 4075 ||| UPGRADING to ring of Tikkyro {rF+ Will+ rCorr
                  | Str-2 Dex+4}.
  4076 | D:5      | 4076 ||| DRINKING 2 emerald potions.
  4144 | D:6      | 4144 ||| PLANNING SEWER
  4155 | D:6      | 4155 ||| Stepping ~*~*~tactically~*~*~ (outnumbered).
  4157 | D:6      | 4157 ||| INVOKING Heroism.
  4161 | D:6      | 4161 ||| Stepping ~*~*~tactically~*~*~ (outnumbered).
  4180 | D:6      | Reached skill level 3 in Invocations
  4183 | D:6      | 4183 ||| INVOKING Heroism.
  4331 | D:6      | 4331 ||| INVOKING Heroism.
  4548 | D:6      | 4548 ||| INVOKING Heroism.
  4552 | D:6      | Reached skill level 9 in Ranged Weapons
  4657 | D:6      | Reached skill level 3 in Dodging
  4753 | D:6      | Identified the +7 whip of the Candelabrum {venom, rF+
                  | Dex+2}
  4856 | D:6      | 4856 ||| RIP SEWER
  4984 | D:6      | 4984 ||| PLANNING D:1-11
  4984 | D:6      | 4984 ||| UPGRADING to +2 robe of willpower.
  4994 | D:6      | 4994 ||| DROPPING +2 robe.
  4998 | D:6      | 4998 ||| READING scroll labelled SIFUNG NUOCKET.
  5013 | D:6      | 5013 ||| READING scroll labelled JEXANETIHAC.
  5014 | D:6      | 5014 ||| DRINKING 3 red potions.
  5078 | D:7      | Noticed Pikel
  5079 | D:7      | 5079 ||| INVOKING Heroism.
  5090 | D:7      | 5090 ||| STAIRDANCE
  5107 | D:6      | Killed Pikel
  5107 | D:6      | Reached ** piety under Okawaru
  5108 | D:6      | Reached XP level 9. HP: 37/57 MP: 12/12
  5110 | D:6      | 5110 ||| INVOKING Heroism.
  5133 | D:7      | Noticed Dowan
  5140 | D:7      | 5140 ||| INVOKING Heroism.
  5142 | D:7      | 5142 ||| STAIRDANCE
  5185 | D:7      | 5185 ||| INVOKING Heroism.
  5206 | D:7      | Noticed Duvessa
  5209 | D:7      | Killed Dowan
  5213 | D:7      | 5213 ||| STAIRDANCE
  5218 | D:6      | HP: 9/57 [Duvessa/+2 antimagic short sword (12)]
  5219 | D:6      | 5219 ||| DRINKING potion of heal wounds.
  5226 | D:6      | HP: 12/57 [Duvessa/+2 antimagic short sword (7)]
  5227 | D:6      | HP: 5/57 [Duvessa/+2 antimagic short sword (8)]
  5228 | D:6      | Slain by Duvessa

Levels and vault maps discovered:
D:1:      psy_arrival_basics, layout_basic
D:2:      layout_basic, basic_altar, serial_shops, shop, serial_bayou,
          serial_bayou_ford_a, serial_bayou_crossing, serial_bayou_shore_a,
          serial_bayou_lagoon_a, serial_bayou_shore_b, serial_bayou_pond_b,
          st_stairs_3, uniq_jessica
D:3:      layout_loops_corners, lemuel_round_altar,
          gammafunk_ghost_nasty_kobolds, shapermc_ecumenical_altar_gd,
          minivault_19, small_statue_intersection, grunt_ministairs_7,
          serial_bayou_pond_c
D:4:      layout_basic, mainiacjoe_overflow_24_doors, uniq_robin
D:5:      layout_basic, mainiacjoe_overflow_paths, minmay_temple_entry_tees
D:6:      layout_loops_ring, cheibrodos_sewer_entry_bend
D:7:      layout_rooms, vehumet_altar_wand_db, enter_bailey_5,
          grunt_decor_junction, minmay_fractal_squares_gapless_5, uniq_duvessa,
          uniq_pikel

Skill      XL: |  1  2  3  4  5  6  7  8 |
---------------+-------------------------+-----
Ranged Weapons | 5 6 7 8 9 |  9.6
Armour         | 1 |  1.0
Fighting       | 3 4 5 7 |  7.3
Dodging        | 2 3 |  3.1
Invocations    | 2 4 |  4.0
Stealth        | |  1.1

Action                     |  1- 3 |  4- 6 |  7- 9 || total
---------------------------+-------+-------+-------++-------
   Fire: Shortbow          |   116 |   299 |   410 ||   825
 Invoke: Heroism           |       |       |     9 ||     9
    Use: Scroll            |     4 |     4 |     3 ||    11
         Potion            |     1 |       |     3 ||     4
 Armour: Leather armour    |    16 |       |       ||    16
         Ring mail         |     7 |    15 |       ||    22
         Robe              |       |    73 |   159 ||   232
  Dodge: Dodged            |    27 |   147 |   217 ||   391

Table legend:
 A = Non-vault XP
 B = Vault XP
 C = Vault XP percentage of total XP
 D = Non-vault monster count
 E = Vault monster count
 F = Vault count percentage of total count
                 A         B        C        D         E       F
            +---------+---------+-------+---------+---------+-------
      Total |    2279 |     764 |  25.1 |     156 |      23 |  12.8
            +---------+---------+-------+---------+---------+-------
        D:1 |      59 |       0 |   0.0 |      28 |       0 |   0.0
        D:2 |      40 |      52 |  56.5 |      24 |       7 |  22.6
        D:3 |     157 |       4 |   2.5 |      29 |       2 |   6.5
        D:4 |     217 |      33 |  13.2 |      15 |      11 |  42.3
        D:5 |     686 |       0 |   0.0 |      26 |       0 |   0.0
        D:6 |    1016 |     612 |  37.6 |      32 |       2 |   5.9
        D:7 |     104 |      63 |  37.7 |       2 |       1 |  33.3
            +---------+---------+-------+---------+---------+-------
